 Dungeon Crawl Stone Soup version 0.18.1-8-gdd0e5ea (webtiles) character file.

86 richardnixon the Sneak (level 4, 0/21 HPs)
             Began as a Spriggan Enchanter on May 29, 2016.
             Slain by a gnoll
             ... wielding a +0 spear
              (5 damage)
             ... on level 3 of the Dungeon.
             The game lasted 00:06:27 (3000 turns).

richardnixon the Sneak (Spriggan Enchanter)         Turns: 3000, Time: 00:06:28

Health: 0/21       AC:  4    Str:  4    XL:     4   Next: 26%
Magic:  4/9        EV: 18    Int: 17    God:
Gold:   131        SH:  0    Dex: 16    Spells: 3 memorised, 2 levels left

rFire  . . .     SeeInvis +     a - +1 dagger
rCold  . . .     Gourm    .     b - +1 robe
rNeg   . . .     Faith    .     (shield restricted)
rPois  .         Spirit   .     (helmet restricted)
rElec  .         Dismiss  .     g - +0 cloak
rCorr  .         Reflect  .     (gloves unavailable)
SustAt .         Harm     .     (boots unavailable)
MR     .....                    (no amulet)
Stlth  ++++......               (no ring)
                                (no ring)

@: very quick, not resistant to hostile enchantments, stealthy
A: unfitting armour, see invisible, herbivore 3, speed 3, slow metabolism 2
a: no special abilities


You were on level 3 of the Dungeon.
You were full.

You visited 1 branch of the dungeon, and saw 3 of its levels.

You collected 131 gold pieces.

Inventory:

Hand Weapons
 a - a +1 dagger (weapon)
Missiles
 j - a throwing net (quivered)
Armour
 b - a +1 robe (worn)
 g - a +0 cloak (worn)
Scrolls
 f - 2 scrolls of remove curse {unknown}
 h - 3 scrolls of identify {unknown}
 i - a scroll of magic mapping {unknown}
 l - 3 scrolls of noise {unknown}
 m - a scroll of blinking {unknown}
 n - a scroll of fear {unknown}
 o - a scroll of recharging {unknown}
Potions
 e - 2 potions of might {unknown}
 k - a potion of lignification {unknown}
 p - 3 potions of heal wounds {unknown}
Books
 c - a book of Maledictions

   Spells                             Type                      Level
   a - Corona                         Hexes                        1
   b - Ensorcelled Hibernation        Hexes/Ice                    2
   c - Confuse                        Hexes                        3
   d - Tukima's Dance                 Hexes                        3
   e - Dazzling Spray                 Conjuration/Hexes            3
Comestibles
 d - 2 bread rations


   Skills:
 - Level 1.1 Short Blades
 - Level 3.0 Dodging
 + Level 5.8 Stealth
 - Level 2.6 Spellcasting
 * Level 5.4 Hexes


You had 2 spell levels left.
You knew the following spells:

 Your Spells              Type           Power        Failure   Level  Hunger
a - Corona                Hex            ###....      1%          1    #......
b - Ensorcelled Hibernat  Hex/Ice        ##....       12%         2    ##.....
c - Confuse               Hex            ###.....     8%          3    ###....


Dungeon Overview and Level Annotations

Branches:
Dungeon (3/15)

Altars:
Cheibriados
Makhleb
Nemelex Xobeh
Ru
Trog
Zin


Innate Abilities, Weirdness & Mutations

You are tiny and cannot use many weapons and most armour.
You have supernaturally acute eyesight.
You are a herbivore.
You cover ground extremely quickly.
You need consume almost no food.


Message History

The gnoll hits you with a club.
You hit the gnoll.
The gnoll is almost dead.
The gnoll closely misses you.
You barely miss the gnoll.
The gnoll is almost dead.
The gnoll hits you but does no damage.
You barely miss the gnoll.
The gnoll is almost dead.
The gnoll hits you with a club!
* * * LOW HITPOINT WARNING * * *
You are too injured to fight recklessly!
You are too injured to fight recklessly!
You are too injured to fight recklessly!
You are too injured to fight recklessly!
You are too injured to fight recklessly!
You closely miss the gnoll.
The gnoll is almost dead.
The gnoll hits you with a spear.
You die...

.####.#.#.......... ..#
#................
#.####.#######.##...
#...##.# #.##..# ###....#
###g....... ...#...#
###..### #...... #.
.....#.# #....#
#.....####.##.....#
##.##.#
#...#.g.......#...
#...#.####...@g..........
#...........##.........#
#...........##........#
#.......>.#.##......[)#
#...#####.#.##.....()<#
#.... ..#.##.......)#
#.... ##...##........#
#.... #......#####..##
### #.# #.#### ####...##
#..


You could see 3 gnolls.

Vanquished Creatures
  3 adders
  An ooze (D:2)
  2 worms
  A dart slug (D:1)
  5 orcs (D:3)
  3 giant cockroaches (D:1)
  4 goblins
  4 hobgoblins
  6 kobolds
  5 bats
  5 giant newts
  5 rats
44 creatures vanquished.

Notes
Turn   | Place    | Note
--------------------------------------------------------------
     0 | D:1      | richardnixon the Spriggan Enchanter began the quest for the Orb.
     0 | D:1      | Reached XP level 1. HP: 9/9 MP: 5/5
   495 | D:1      | Reached XP level 2. HP: 13/13 MP: 6/6
   501 | D:1      | Learned a level 2 spell: Ensorcelled Hibernation
   547 | D:1      | Reached skill level 5 in Stealth
  1273 | D:1      | Reached XP level 3. HP: 16/16 MP: 5/8
  1299 | D:1      | Learned a level 3 spell: Confuse
  1409 | D:2      | Found a burning altar of Makhleb.
  1413 | D:2      | Found a glowing silver altar of Zin.
  1414 | D:2      | Found a snail-covered altar of Cheibriados.
  1414 | D:2      | Found a sacrificial altar of Ru.
  1415 | D:2      | Found a sparkling altar of Nemelex Xobeh.
  1803 | D:2      | Reached skill level 5 in Hexes
  2172 | D:2      | Reached XP level 4. HP: 21/21 MP: 9/9
  2682 | D:3      | Noticed a moth of wrath
  2685 | D:3      | Found a bloodstained altar of Trog.
  3000 | D:3      | Slain by a gnoll

Skill      XL: |  1  2  3 |
---------------+----------+-----
Hexes          | 4 5 |  5.4
Stealth        | 5 |  5.8
Short Blades   | |  1.1
Dodging        | |  3.0
Spellcasting   | |  2.6

Action                   |  1- 3 |  4- 6 || total
-------------------------+-------+-------++-------
Melee: Dagger            |    87 |    37 ||   124
 Cast: Ensorcelled Hiber |    16 |    10 ||    26
       Confuse           |     1 |     2 ||     3
 Stab: Sleeping          |    22 |     7 ||    29
       Confused          |       |     1 ||     1
  Eat: Bread ration      |       |     1 ||     1
Armor: Robe              |    19 |     7 ||    26
Dodge: Dodged            |    91 |    36 ||   127
